 Dungeon Crawl Stone Soup version 0.27.1-33-g824d729ab1 (webtiles) character file.

Game seed: 12179397384171981772

137 MisterFreud the Protected (level 5, -5/43 HPs)
             Began as a Gnoll Wanderer on Dec 31, 2021.
             Was a Follower of Wu Jian.
             Killed from afar by an orc wizard (8 damage)
             ... with a puff of flame
             ... on level 3 of the Dungeon.
             The game lasted 00:04:20 (2892 turns).

MisterFreud the Protected (Gnoll Wanderer)          Turns: 2892, Time: 00:04:21

Health: -5/43      AC:  4    Str: 12    XL:     5   Next: 20%
Magic:  16/16      EV:  9    Int: 11    God:    Wu Jian [*.....]
Gold:   118        SH:  0    Dex: 12    Spells: 6/6 levels left

rFire    . . .     SeeInvis .   b - +0 mace
rCold    . . .     Faith    .   f - +0 kite shield
rNeg     . . .     Spirit   .   e - +0 robe
rPois    .         Reflect  .   (no helmet)
rElec    .         Harm     .   (no cloak)
rCorr    .         Rampage  .   (no gloves)
Will     .....                  k - +0 pair of boots
Stlth    +.........             (no amulet)
HPRegen  0.14/turn              y - ring of magical power
MPRegen  0.15/turn              (no ring)

@: confused
A: fangs 1, strong nose, distributed training
a: Renounce Religion


You were on level 3 of the Dungeon.
You worshipped Wu Jian.
Wu Jian was aware of your devotion.
You visited 1 branch of the dungeon, and saw 3 of its levels.

You collected 118 gold pieces.

Inventory:

Hand Weapons
 a - a +0 hand crossbow
 b - a +0 mace (weapon)
Missiles
 c - 8 bolts
 q - 5 curare-tipped darts
 w - 3 boomerangs
Armour
 e - a +0 robe (worn)
 f - a +0 kite shield (worn)
 k - a +0 pair of boots (worn)
 t - a +1 scale mail of poison resistance
Jewellery
 y - a ring of magical power (left hand)
Wands
 s - a wand of digging (6)
Scrolls
 g - 2 scrolls of enchant weapon {unknown}
 h - a scroll of vulnerability {unknown}
 n - a scroll of amnesia {unknown}
 o - 2 scrolls of identify {unknown}
 p - a scroll of noise {unknown}
 u - a scroll of teleportation {unknown}
 x - a scroll of fear {unknown}
Potions
 i - 2 potions of might {unknown}
 j - a potion of invisibility {unknown}
 l - a potion of haste {unknown}
 m - 2 potions of curing {unknown}
 r - a potion of brilliance {unknown}
 v - a potion of flight {unknown}
Miscellaneous
 d - a piece from Xom's chessboard (15/15) (quivered)


   Skills:
 + Level 4.7 Fighting
 + Level 1.4 Short Blades
 + Level 1.4 Long Blades
 + Level 2.9 Axes
 + Level 1.4 Maces & Flails
 + Level 1.4 Polearms
 + Level 1.4 Staves
 + Level 1.4 Slings
 + Level 1.4 Bows
 + Level 2.9 Crossbows
 + Level 1.4 Throwing
 + Level 8.6 Armour
 + Level 1.4 Dodging
 + Level 1.4 Stealth
 + Level 2.9 Shields
 + Level 1.4 Unarmed Combat
 + Level 1.4 Spellcasting
 + Level 1.1 Conjurations
 + Level 1.1 Hexes
 + Level 1.1 Summonings
 + Level 1.1 Necromancy
 + Level 1.1 Translocations
 + Level 1.1 Transmutations
 + Level 1.1 Fire Magic
 + Level 1.1 Ice Magic
 + Level 1.1 Air Magic
 + Level 1.1 Earth Magic
 + Level 1.1 Poison Magic
 + Level 1.5 Invocations
 + Level 2.9 Evocations


You had 6 spell levels left.
You didn't know any spells.
Your spell library contained the following spells:

 Spells                   Type           Power      Damage    Failure   Level
 Conjure Flame            Conj/Fire      3%         6-21      95%         3
 Ignite Poison            Fire/Tmut/Pois 3%         N/A       95%         3
 Sticky Flame             Conj/Fire      3%         2d3       100%        4


Dungeon Overview and Level Annotations

Branches:
Dungeon (3/15)

Altars:
Hepliaklqana
Wu Jian

Annotations:
D:2 1 runed translucent door, Crazy Yiuf


Innate Abilities, Weirdness & Mutations

You have very sharp teeth.
Your uncanny sense of smell can sniff out nearby items.
Your experience applies equally to all skills.


Message History

The hobgoblin is heavily wounded.
The hobgoblin hits you but does no damage.
The hobgoblin closely misses you.
You hit the hobgoblin.
The hobgoblin is severely wounded.
You block the hobgoblin's attack.
You barely miss the hobgoblin.
The hobgoblin is severely wounded.
The hobgoblin hits you. You block the hobgoblin's attack.
You hit the hobgoblin.
You kill the hobgoblin!
The Council accepts your kill.
You hit the orc.
The orc is severely wounded.
The orc closely misses you.
You hit something.
You hear some strange, mumbled words.
You are confused.
You hear some strange, mumbled words.
A magic dart appears from out of thin air!
The magic dart hits you.
You're too confused to move!
An orc wizard appears from thin air!
Reactivating autopickup.
The orc wizard casts a spell at you. The puff of flame hits you!
You miss the orc wizard.
The orc wizard is almost dead.
The orc wizard hits you but does no damage.
You bump into the metal wall.
The orc wizard gestures at you while chanting.
The puff of flame hits you!
* * * LOW HITPOINT WARNING * * *
You hit the orc wizard but do no damage.
The orc wizard is almost dead.
The orc wizard points at you and mumbles some strange words.
The puff of flame hits you!
* * * LOW HITPOINT WARNING * * *
The orc wizard gestures at you while chanting.
The puff of flame hits you!
You die...

#... ..<...# #.(....#
#... ......###..#####
#..#######.......#
#..#.....#..#.##.#
###..#.....'.##.##.#
....#.....#.......#
..(#####).#.....#.##.####
#.)(.)...#######.##.#
#######.....goo@.##.#
#(.....######.. ########
###


You could see an orc wizard, an orc and a hobgoblin.

Vanquished Creatures
  Terence (D:2)
  4 adders
  An ufetubus (D:3)
  2 worms (D:2)
  A dart slug (D:3)
  4 orcs (D:3)
  4 bats
  6 endoplasms
  3 giant cockroaches
  6 goblins
  4 hobgoblins
  4 jackals (D:2)
  3 kobolds
  A quokka (D:1)
  7 ball pythons
  3 frilled lizards
  3 rats (D:1)
57 creatures vanquished.

Notes
Turn   | Place    | Note
-------+----------+-------------------------------------------
     0 | D:1      | MisterFreud the Gnoll Wanderer began the quest for the Orb.
     0 | D:1      | MisterFreud set off with the following items: a +0 hand
                  | crossbow, a +0 kite shield, 28 bolts, a piece from Xom's
                  | chessboard (15/15), a +0 robe
     0 | D:1      | Reached XP level 1. HP: 20/20 MP: 1/1
   149 | D:1      | Reached XP level 2. HP: 26/26 MP: 2/2
   709 | D:1      | Reached XP level 3. HP: 31/31 MP: 3/3
  1109 | D:2      | Reached skill level 1 in Invocations
  1184 | D:2      | Reached skill level 1 in Short Blades
  1184 | D:2      | Reached skill level 1 in Long Blades
  1184 | D:2      | Reached skill level 1 in Maces & Flails
  1184 | D:2      | Reached skill level 1 in Polearms
  1184 | D:2      | Reached skill level 1 in Staves
  1184 | D:2      | Reached skill level 1 in Slings
  1184 | D:2      | Reached skill level 1 in Bows
  1184 | D:2      | Reached skill level 1 in Throwing
  1184 | D:2      | Reached skill level 1 in Dodging
  1184 | D:2      | Reached skill level 1 in Stealth
  1184 | D:2      | Reached skill level 1 in Unarmed Combat
  1184 | D:2      | Reached skill level 1 in Spellcasting
  1189 | D:2      | Noticed Terence
  1191 | D:2      | Killed Terence
  1192 | D:2      | Reached XP level 4. HP: 38/38 MP: 5/5
  1563 | D:2      | Reached skill level 1 in Conjurations
  1563 | D:2      | Reached skill level 1 in Hexes
  1563 | D:2      | Reached skill level 1 in Summonings
  1563 | D:2      | Reached skill level 1 in Necromancy
  1563 | D:2      | Reached skill level 1 in Translocations
  1563 | D:2      | Reached skill level 1 in Transmutations
  1563 | D:2      | Reached skill level 1 in Fire Magic
  1563 | D:2      | Reached skill level 1 in Ice Magic
  1563 | D:2      | Reached skill level 1 in Air Magic
  1563 | D:2      | Reached skill level 1 in Earth Magic
  1563 | D:2      | Reached skill level 1 in Poison Magic
  1884 | D:2      | Found a faded altar of an unknown god.
  2007 | D:2      | Became a worshipper of the Wu Jian Council
  2007 | D:2      | Reached * piety under Wu Jian
  2048 | D:2      | Found a runed translucent door.
  2049 | D:2      | Noticed Crazy Yiuf
  2106 | D:2      | Found an ornate altar of the Wu Jian Council.
  2503 | D:3      | Reached XP level 5. HP: 43/43 MP: 6/6
  2513 | D:3      | Found a hazy altar of Hepliaklqana.
  2892 | D:3      | Killed from afar by an orc wizard

Illustrated notes

Levels and vault maps discovered:
D:1:      sevenhm_arrival_forest_fort_small_4, layout_loops_corners,
          minmay_domino_4
D:2:      layout_basic, dreamdust_ecumenical_altar_grove, basic_altar,
          uniq_terence, uniq_crazy_yiuf_cottage
D:3:      layout_loops_ring, lemuel_doored_altar, st_stairs_4,
          nrook_mini_vaults, kennysheep_generic_room_13

Skill      XL: |  1  2  3  4 |
---------------+-------------+-----
Invocations    | 1 |  1.5
Short Blades   | 1 |  1.4
Long Blades    | 1 |  1.4
Maces & Flails | 1 |  1.4
Polearms       | 1 |  1.4
Staves         | 1 |  1.4
Slings         | 1 |  1.4
Bows           | 1 |  1.4
Throwing       | 1 |  1.4
Dodging        | 1 |  1.4
Stealth        | 1 |  1.4
Unarmed Combat | 1 |  1.4
Spellcasting   | 1 |  1.4
Conjurations   | 1 |  1.1
Hexes          | 1 |  1.1
Summonings     | 1 |  1.1
Necromancy     | 1 |  1.1
Translocations | 1 |  1.1
Transmutations | 1 |  1.1
Fire Magic     | 1 |  1.1
Ice Magic      | 1 |  1.1
Air Magic      | 1 |  1.1
Earth Magic    | 1 |  1.1
Poison Magic   | 1 |  1.1
Fighting       | |  4.7
Axes           | |  2.9
Crossbows      | |  2.9
Armour         | |  8.6
Shields        | |  2.9
Evocations     | |  2.9

Action                   |  1- 3 |  4- 6 || total
-------------------------+-------+-------++-------
Melee: Mace              |       |    23 ||    23
       Bite              |       |     1 ||     1
 Fire: Hand crossbow     |    65 |    58 ||   123
Evoke: Piece from Xom's  |       |     2 ||     2
Armor: Robe              |     7 |    15 ||    22
Dodge: Dodged            |     8 |    22 ||    30
Block: Kite shield       |     4 |    25 ||    29
